[Event "Titled Tuesday Blitz March 29 Early 2022"]
[White "Vasquez Schroeder, Rodrigo"]
[Black "Seo, Jung Min"]
[WhiteFideId "3400042"]
[BlackFideId "1734687"]
[WhiteElo "2561"]
[BlackElo "2401"]
[Result "1-0"]
[Round "08"]
[TimeControl "180+1"]
[Date "2022.03.29"]
[WhiteClock "0:00:10"]
[BlackClock "0:00:01"]

1. e4 c6 2. d4 d5 3. e5 Bf5 4. g4 Bc8 5. Be3 e6 6. c4 Ne7 7. Nc3 h5 8. gxh5 Nf5 9. Nf3 Rxh5 10. Qd2 Nd7 11. cxd5 cxd5 12. O-O-O Nb6 13. Kb1 Bd7 14. b3 Rc8 15. Rc1 Bb4 16. Qd3 a6 17. a4 Nxe3 18. fxe3 Ba3 19. Rc2 Qc7 20. Be2 g6 21. h4 Be7 22. Kb2 Bb4 23. Rhc1 Qd8 24. Nd1 Rxc2+ 25. Rxc2 Be7 26. Nf2 Bc6 27. Ng4 Nd7 28. Qd1 Qb6 29. Ka2 Qb4 30. Qc1 Nb8 31. Nf2 Bxh4 32. Nd3 Qb6 33. Nf4 Rh6 34. Bd3 Be7 35. Qg1 Qb4 36. Qc1 g5 37. Ne2 Rh3 38. Neg1 Rg3 39. Rh2 g4 40. Nd2 Rxe3 41. Bc2 Rc3 42. Ne2 Re3 43. Nb1 Rxe2 44. Rxe2 Qxd4 45. Qh6 Nd7 46. Qh8+ Nf8 47. Qg7 Qf4 48. Nd2 d4 49. Bd3 Nd7 50. Nc4 g3 51. Rc2 g2 52. Qg8+ Nf8 53. Nd6+ Bxd6 54. exd6 Qxd6 55. Rf2 Qe7 56. Qg3 e5 57. Rf5 f6 58. Qf2 Ne6 59. Rxf6 Nf4 60. Bg6+ Kd8 61. Rf7 Qe6 62. Qh4+ Kc8 63. Qh8+ Qe8 64. Rf8 Qxf8 65. Qxf8+ Kc7 66. Qe7+ Kb6 67. a5+ Kxa5 68. Qc5+ Bb5 69. Ka3 Nd3 70. b4+ Nxb4 71. Qxb4+ Kb6 72. Qd6+ Ka5 73. Qc7+ b6 74. Qc2 g1=Q 75. Qd2# 1-0


[Site "https://www.chess.com"]

[Event "Titled Tuesday Blitz March 29 Early 2022"]
[White "Vlassov, Nikolai"]
[Black "Papasimakopoulos, Alexandros"]
[WhiteFideId "4103360"]
[BlackFideId "4244125"]
[WhiteElo "2407"]
[BlackElo "2340"]
[Result "1-0"]
[Round "08"]
[TimeControl "180+1"]
[Date "2022.03.29"]
[WhiteClock "0:00:26"]
[BlackClock "0:00:45"]

1. e4 e6 2. d4 d5 3. exd5 exd5 4. Nf3 Bg4 5. h3 Bh5 6. Qe2+ Qe7 7. Be3 Nc6 8. g4 Bg6 9. Nc3 O-O-O 10. O-O-O f6 11. Nh4 Bf7 12. Nf5 Qd7 13. Qb5 g6 14. Ng3 Bb4 15. Na4 a6 16. Qd3 Nge7 17. a3 Bd6 18. Nc5 Bxc5 19. dxc5 Ne5 20. Qc3 N7c6 21. Ne2 Nc4 22. Nd4 Nxe3 23. fxe3 h5 24. Be2 hxg4 25. hxg4 Ne5 26. Rhf1 c6 27. Rxf6 Qe7 28. Rdf1 Rdf8 29. Qa5 Be8 30. Rxf8 Rxf8 31. Rxf8 Qxf8 32. Bxa6 bxa6 33. Qxa6+ Kd7 34. Qb7+ Kd8 35. Ne6# 1-0


[Site "https://www.chess.com"]

[Event "Titled Tuesday Blitz March 29 Early 2022"]
[White "Vokhidov, Shamsiddin"]
[Black "Chigaev, Maksim"]
[WhiteFideId "14204223"]
[BlackFideId "4108116"]
[WhiteElo "2611"]
[BlackElo "2502"]
[Result "0-1"]
[Round "08"]
[TimeControl "180+1"]
[Date "2022.03.29"]
[WhiteClock "0:00:03"]
[BlackClock "0:00:03"]

1. e4 c5 2. Nf3 d6 3. Bb5+ Nd7 4. d4 cxd4 5. Qxd4 Nf6 6. O-O a6 7. Be2 e5 8. Qe3 Nc5 9. Nc3 Be7 10. Rd1 Qc7 11. a4 O-O 12. h3 b6 13. b4 Ne6 14. a5 b5 15. Ra3 Bb7 16. g3 Rac8 17. Bb2 Nxe4 18. Nxe4 Qxc2 19. Nxd6 Bxd6 20. Rxd6 Qxb2 21. Nxe5 Qxb4 22. Rd1 Rfd8 23. Rad3 Rxd3 24. Qxd3 g6 25. Bg4 Rd8 26. Nd7 f5 27. Bxf5 gxf5 28. Qxf5 Qe7 29. Nf6+ Qxf6 30. Rxd8+ Qxd8 31. Qxe6+ Kg7 32. Qg4+ Kh8 33. Qe2 Qd5 34. Qe8+ Kg7 35. Qe7+ Kg6 36. Qe8+ Kf6 37. Qf8+ Ke6 38. Qe8+ Kd6 39. Qf8+ Kc7 40. Qe7+ Kb8 41. Qe8+ Bc8 42. Qe7 h5 43. h4 Qd1+ 44. Kh2 Qd5 45. Qf8 Kc7 46. Qe7+ Bd7 47. Qf8 Bc6 48. Qe7+ Kc8 49. Qf8+ Kd7 50. Qg7+ Kd6 51. Qf8+ Ke5 52. Qe7+ Kd4 53. Qb4+ Kd3 54. Qb1+ Kc4 55. Qc2+ Kb4 56. Qb2+ Kxa5 57. Qa3+ Kb6 58. Qe3+ Qc5 59. Qe6 b4 60. g4 hxg4 61. h5 Qd5 62. Qe3+ Kb5 63. h6 Qg2# 0-1


[Site "https://www.chess.com"]

[Event "Titled Tuesday Blitz March 29 Early 2022"]
[White "Vusatiuk, Vladimir"]
[Black "Kozak, Antoni"]
[WhiteFideId "14118610"]
[BlackFideId "21832030"]
[WhiteElo "2482"]
[BlackElo "2636"]
[Result "0-1"]
[Round "08"]
[TimeControl "180+1"]
[Date "2022.03.30"]
[WhiteClock "0:00:03"]
[BlackClock "0:00:31"]

1. d4 d5 2. c4 e6 3. Nc3 c6 4. e3 Nf6 5. Nf3 Nbd7 6. Be2 dxc4 7. a4 Bd6 8. Nd2 Bc7 9. Nxc4 b6 10. b3 Bb7 11. Ba3 c5 12. Bf3 Nd5 13. Nb5 O-O 14. Nxc7 Qxc7 15. Rc1 Rfd8 16. O-O Rac8 17. e4 N5f6 18. e5 Ne8 19. Bxb7 Qxb7 20. Qg4 cxd4 21. Rfd1 Nc5 22. Qg3 h5 23. Nd6 Nxd6 24. exd6 h4 25. Qf4 h3 26. gxh3 Nxb3 27. Rxc8 Rxc8 28. h4 Qd5 29. h5 Qxh5 30. d7 Qxd1+ 31. Kg2 Rd8 32. Qc7 Qg4+ 33. Kf1 Qg5 34. Bd6 Nc5 0-1


[Site "https://www.chess.com"]

[Event "Titled Tuesday Blitz March 29 Early 2022"]
[White "Weetik, Vjacheslav"]
[Black "Le Ruyet, Leopold"]
[WhiteFideId "4153472"]
[BlackFideId "645923"]
[WhiteElo "2469"]
[BlackElo "2276"]
[Result "1-0"]
[Round "08"]
[TimeControl "180+1"]
[Date "2022.03.29"]
[WhiteClock "0:00:06"]
[BlackClock "0:00:01"]

1. d4 d5 2. c4 dxc4 3. Nf3 Nf6 4. e3 e6 5. Bxc4 a6 6. Bd3 c5 7. O-O Nc6 8. Nc3 Be7 9. a3 cxd4 10. exd4 O-O 11. Re1 b5 12. Bg5 Bb7 13. Rc1 Rc8 14. Bb1 b4 15. Qd3 g6 16. Na4 bxa3 17. bxa3 Na5 18. Nc5 Bd5 19. Ne5 Nh5 20. Bxe7 Qxe7 21. Qxa6 Nc6 22. Be4 Bxe4 23. Rxe4 Nxd4 24. Ned3 Nf5 25. Qa5 Qg5 26. Qe1 Nh4 27. Qf1 Nf3+ 28. Kh1 Nd2 29. f4 Qd5 30. Re5 Nxf1 31. Rxd5 exd5 32. Rxf1 Rfe8 33. f5 Re3 34. g4 Nf6 35. a4 Nxg4 36. a5 Ne5 37. Nxe5 Rxe5 38. Nd7 Re3 39. Ra1 Ra8 40. Nf6+ Kg7 41. Nxd5 Re5 42. f6+ Kh6 43. Rd1 Rxa5 44. Ne7 Re6 45. Rf1 Raa6 46. Rg1 Rad6 47. Ng8+ Kh5 48. Rg3 Rxf6 49. Kg2 1-0


[Site "https://www.chess.com"]

[Event "Titled Tuesday Blitz March 29 Early 2022"]
[White "Wu, Sibo"]
[Black "Piliczewski, Bogusz"]
[WhiteFideId "8606048"]
[BlackFideId "1104144"]
[WhiteElo "2323"]
[BlackElo "1896"]
[Result "1-0"]
[Round "08"]
[TimeControl "180+1"]
[Date "2022.03.30"]
[WhiteClock "0:00:48"]
[BlackClock "0:00:09"]

1. d4 d5 2. Bf4 Nf6 3. e3 Bf5 4. c4 c6 5. Qb3 Qb6 6. c5 Qxb3 7. axb3 a6 8. Nc3 Nbd7 9. Nf3 h6 10. h4 Ne4 11. b4 Rc8 12. Nd2 Nxd2 13. Kxd2 g6 14. f3 Bg7 15. g4 Be6 16. Bd3 f5 17. Rhg1 fxg4 18. Bxg6+ Bf7 19. Rxg4 Bxg6 20. Rxg6 Kf7 21. Rag1 Bf6 22. h5 Nf8 23. Rxh6 Rxh6 24. Bxh6 Ne6 25. Ne2 Rh8 26. Rg6 Bg7 27. Rxe6 Bxh6 28. Rg6 Bg7 29. Ng3 e5 30. Kd3 exd4 31. exd4 Bf6 32. Rg4 Bd8 33. Nf5 Ke6 34. Nd6 b6 35. Rg6+ Bf6 36. cxb6 Rxh5 37. Ne8 Kf7 38. Rxf6+ Kxe8 39. b7 Ke7 40. Rxc6 Rh8 41. Rc8 Rh2 42. b8=Q Rxb2 43. Qe5+ Kf7 44. Rc7+ Kg6 45. Rg7+ Kh6 46. Qg5# 1-0


[Site "https://www.chess.com"]

[Event "Titled Tuesday Blitz March 29 Early 2022"]
[White "Xiong, Jeffery"]
[Black "Zhao, Jun"]
[WhiteFideId "2047640"]
[BlackFideId "8602522"]
[WhiteElo "2727"]
[BlackElo "2547"]
[Result "1-0"]
[Round "08"]
[TimeControl "180+1"]
[Date "2022.03.29"]
[WhiteClock "0:00:26"]
[BlackClock "0:00:02"]

1. e4 e5 2. Nf3 Nc6 3. Nc3 Nf6 4. d4 exd4 5. Nxd4 Bb4 6. Nxc6 bxc6 7. Bd3 d5 8. exd5 cxd5 9. O-O O-O 10. h3 c6 11. Qf3 Bd6 12. Bf4 Rb8 13. b3 Rb4 14. Ne2 Bxf4 15. Nxf4 Qd6 16. c4 a5 17. Rad1 a4 18. Bc2 axb3 19. Bxb3 Be6 20. Rfe1 Rbb8 21. Re3 Rfd8 22. cxd5 cxd5 23. Red3 Bf5 24. Rd4 Be4 25. Qg3 Rb4 26. Rxb4 Qxb4 27. f3 Bg6 28. Nxd5 Nxd5 29. Rxd5 Rxd5 30. Bxd5 h5 31. Bb3 h4 32. Qxg6 Qe1+ 33. Kh2 Qe5+ 34. f4 Qxf4+ 35. Kg1 Qe3+ 36. Kf1 Qc1+ 37. Ke2 1-0


[Site "https://www.chess.com"]

[Event "Titled Tuesday Blitz March 29 Early 2022"]
[White "Yanayt, Eugene"]
[Black "Kejzar, Petra"]
[WhiteFideId "2020165"]
[BlackFideId "14610213"]
[WhiteElo "2046"]
[BlackElo "2003"]
[Result "1-0"]
[Round "08"]
[TimeControl "180+1"]
[Date "2022.03.30"]
[WhiteClock "0:01:15"]
[BlackClock "0:00:06"]

1. a4 Nf6 2. Ra3 e5 3. Rg3 d5 4. h4 Bd7 5. h5 Bxa4 6. d3 Nbd7 7. Nc3 Bc6 8. e4 dxe4 9. Nxe4 Bxe4 10. dxe4 Nxe4 11. Rg4 f5 12. Rxe4 fxe4 13. Qd5 Nf6 14. Qxb7 Bd6 15. Bb5+ Nd7 16. Qd5 Rb8 17. Nh3 Qf6 18. Ng5 h6 19. Nxe4 Qf7 20. Qc6 Rb6 21. Qa8+ Rb8 22. Qxb8+ Ke7 23. Qxh8 Bb4+ 24. c3 Qf5 25. Bd3 1-0


[Site "https://www.chess.com"]

[Event "Titled Tuesday Blitz March 29 Early 2022"]
[White "Yang, Kaiqi"]
[Black "Polster, Christian"]
[WhiteFideId "8604398"]
[BlackFideId "12965081"]
[WhiteElo "2373"]
[BlackElo "2341"]
[Result "1-0"]
[Round "08"]
[TimeControl "180+1"]
[Date "2022.03.30"]
[WhiteClock "0:00:16"]
[BlackClock "0:00:01"]

1. e4 c5 2. Nf3 d6 3. Bb5+ Bd7 4. Bxd7+ Qxd7 5. c4 Nf6 6. Nc3 Nc6 7. d4 cxd4 8. Nxd4 g6 9. Be3 Bg7 10. f3 O-O 11. O-O Rfc8 12. b3 Nxd4 13. Bxd4 Qd8 14. Rc1 Nd7 15. Nd5 Bxd4+ 16. Qxd4 a6 17. a4 Rab8 18. Rfd1 b5 19. cxb5 Rxc1 20. Rxc1 axb5 21. a5 e6 22. Nb4 Qxa5 23. Qxd6 Qb6+ 24. Qxb6 Rxb6 25. Rc7 Nf6 26. Kf2 Kg7 27. Ke3 e5 28. Nc6 Nd7 29. Nd8 Rd6 30. Rb7 Nc5 31. Rxb5 Rxd8 32. Rxc5 Rb8 33. Rc3 Kf6 34. Kd2 Ke6 35. Kc2 Kd6 36. Rc4 f5 37. Kc3 fxe4 38. Rxe4 Kd5 39. Rc4 Ra8 40. Kb2 Rf8 41. Rc7 h5 42. b4 e4 43. fxe4+ Kxe4 44. b5 Rf2+ 45. Rc2 Rf6 46. Kb3 Kd5 47. Kb4 1-0


[Site "https://www.chess.com"]

[Event "Titled Tuesday Blitz March 29 Early 2022"]
[White "Yoo, Christopher Woojin"]
[Black "Del Rio De Angelis, Salvador G."]
[WhiteFideId "30909694"]
[BlackFideId "2203138"]
[WhiteElo "2105"]
[BlackElo "2491"]
[Result "1-0"]
[Round "08"]
[TimeControl "180+1"]
[Date "2022.03.29"]
[WhiteClock "0:02:27"]
[BlackClock "0:02:50"]

1. e4 d6 2. d4 e5 3. Nf3 Nd7 4. Bd3 Ngf6 5. O-O Be7 6. c3 O-O 7. Nbd2 c6 8. Re1 Re8 9. a4 Bf8 10. Qc2 h6 11. a5 Nh7 12. Nc4 exd4 13. cxd4 d5 14. exd5 Rxe1+ 15. Nxe1 cxd5 16. Bxh7+ 1-0


[Site "https://www.chess.com"]

[Event "Titled Tuesday Blitz March 29 Early 2022"]
[White "Zaksaite, Salomeja"]
[Black "Bintang, Rasyid A. Hidayat"]
[WhiteFideId "12801496"]
[BlackFideId "7105355"]
[WhiteElo "1953"]
[BlackElo "2395"]
[Result "1-0"]
[Round "08"]
[TimeControl "180+1"]
[Date "2022.03.30"]
[WhiteClock "0:00:07"]
[BlackClock "0:00:26"]

1. e4 d5 2. exd5 Nf6 3. d4 Nxd5 4. c4 Nb6 5. c5 N6d7 6. Bc4 e5 7. Nf3 Be7 8. dxe5 Nxc5 9. Qe2 Be6 10. O-O Bxc4 11. Qxc4 O-O 12. Nc3 c6 13. Be3 Ne6 14. Rfd1 Qc7 15. Rac1 Qa5 16. Qg4 Na6 17. Rd7 Rfe8 18. Rxb7 Nac5 19. b4 Qa6 20. Rxe7 Rxe7 21. bxc5 Rd8 22. Ne4 Qa3 23. h4 Qxa2 24. h5 Kf8 25. h6 g6 26. Nfg5 Nxg5 27. Bxg5 Rxe5 28. Bxd8 Qb2 29. Rd1 f5 30. Qg5 Rxe4 31. Qf6+ Qxf6 32. Bxf6 Kf7 33. Bg7 Re7 34. Rd8 Re8 35. Rxe8 Kxe8 36. Kf1 Kf7 37. Ke2 Ke6 38. Kd3 Kd5 39. Bf8 g5 40. f3 a5 41. Kc3 g4 42. Kb3 gxf3 43. gxf3 Kd4 44. Bd6 Kd5 45. f4 Ke6 46. Ka4 Kf6 47. Kxa5 Kg6 48. Kb6 Kxh6 49. Kxc6 Kg6 50. Kd7 h5 51. Be7 h4 52. Bxh4 1-0


[Site "https://www.chess.com"]

[Event "Titled Tuesday Blitz March 29 Early 2022"]
[White "volunteers1998"]
[Black "Fathy, Elameir"]
[BlackFideId "10600396"]
[WhiteElo "2287"]
[BlackElo "2311"]
[Result "1-0"]
[Round "08"]
[TimeControl "180+1"]
[Date "2022.03.30"]
[WhiteClock "0:00:03"]
[BlackClock "0:00:01"]

1. e4 c6 2. d4 d5 3. e5 Bf5 4. Nc3 e6 5. g4 Bg6 6. Nge2 h5 7. Nf4 Bh7 8. g5 c5 9. Qxh5 cxd4 10. Nb5 Bb4+ 11. Bd2 Bxd2+ 12. Kxd2 g6 13. Qf3 Nc6 14. Nd6+ Ke7 15. Nxb7 Qc7 16. Qa3+ Ke8 17. Nd6+ Kd8 18. Nb5 Qxe5 19. Qd6+ Qxd6 20. Nxd6 Ne5 21. Bb5 Kc7 22. Nxf7 Nxf7 23. Nxe6+ Kb6 24. Ba4 Ne7 25. Rae1 Nf5 26. Nf4 N7d6 27. Nxd5+ Ka5 28. Bb3 Bg8 29. Nf4 Bxb3 30. axb3 Rhg8 31. Re5+ Ka6 32. Ra1+ Kb7 33. Re6 Rae8 34. Rae1 Rxe6 35. Rxe6 Kc7 36. Kd3 Kd7 37. Rf6 Re8 38. Nxg6 Ne7 39. Nxe7 Rxe7 40. h4 Rg7 41. f4 Ke8 42. h5 Ke7 43. h6 Rf7 44. Rxf7+ Nxf7 45. Kxd4 Ke6 46. Ke4 Nd6+ 47. Kd4 Kf5 48. Kd5 Nf7 49. h7 Kxf4 50. Ke6 1-0


[Site "https://www.chess.com"]

[Event "Titled Tuesday Blitz March 29 Early 2022"]
[White "Aaditya Dhingra"]
[Black "Csonka, Balazs"]
[WhiteFideId "25678191"]
[BlackFideId "742910"]
[WhiteElo "2503"]
[BlackElo "2656"]
[Result "1-0"]
[Round "09"]
[TimeControl "180+1"]
[Date "2022.03.30"]
[WhiteClock "0:00:43"]
[BlackClock "0:00:11"]

1. e4 e5 2. Nf3 Nc6 3. Bc4 Nf6 4. d3 Be7 5. O-O O-O 6. a4 d5 7. exd5 Nxd5 8. Re1 Bg4 9. h3 Bxf3 10. Qxf3 Nb6 11. Nd2 a5 12. c3 Nxc4 13. Nxc4 f6 14. Bd2 Qd7 15. Rad1 Rad8 16. Be3 Qd5 17. Qe2 Rfe8 18. Bc1 Bc5 19. Be3 Bxe3 20. Nxe3 Qb3 21. Ra1 Re7 22. Nc4 b5 23. Ra3 bxc4 24. Rxb3 cxb3 25. Qe4 Rd6 26. Qc4+ Kf8 27. Qxb3 Rxd3 28. Qc4 Rd6 29. b4 axb4 30. cxb4 Ree6 31. b5 Nd4 32. Qxc7 Rb6 33. f4 Nxb5 34. axb5 Rxb5 35. Rd1 Re8 36. Rd7 exf4 37. Rf7+ 1-0


[Site "https://www.chess.com"]

[Event "Titled Tuesday Blitz March 29 Early 2022"]
[White "Adewumi, Tanitoluwa"]
[Black "Gatterer, Florian"]
[WhiteFideId "30966396"]
[BlackFideId "811688"]
[WhiteElo "2552"]
[BlackElo "2218"]
[Result "1-0"]
[Round "09"]
[TimeControl "180+1"]
[Date "2022.03.30"]
[WhiteClock "0:00:26"]
[BlackClock "0:00:04"]

1. Nf3 d6 2. e4 Nf6 3. Nc3 g6 4. Bc4 Bg7 5. O-O O-O 6. d4 a6 7. Re1 b5 8. Bb3 Bb7 9. Nd5 Nbd7 10. Bg5 h6 11. Bxf6 Nxf6 12. Nf4 Bxe4 13. Rxe4 Nxe4 14. Nxg6 Re8 15. Bd5 Nf6 16. Bxa8 Qxa8 17. Nf4 Qe4 18. Qd2 Nd5 19. Nh5 Qg6 20. Nxg7 Qxg7 21. Re1 Nf6 22. Qa5 Nd5 23. Qxa6 Nf4 24. g3 Qg4 25. Qc6 Rf8 26. Qe4 Nh3+ 27. Kg2 Qxe4 28. Rxe4 Ng5 29. Nxg5 hxg5 30. Rg4 f6 31. h4 Ra8 32. hxg5 f5 33. Rf4 e6 34. d5 exd5 35. a3 Rf8 36. a4 bxa4 37. Rxa4 Rb8 38. b3 Rb7 39. Kf3 Kg7 40. Kf4 Kg6 41. Rd4 c6 42. f3 Rb5 43. g4 fxg4 44. Kxg4 Rc5 45. c4 dxc4 46. Rxd6+ Kg7 47. bxc4 Rxc4+ 48. f4 Rc1 49. Kf5 c5 50. Rd7+ Kg8 51. Rc7 c4 52. Kg6 Kf8 53. f5 c3 54. f6 Ke8 55. f7+ Kf8 56. Rc8+ Ke7 57. f8=Q+ Ke6 58. Rd8 Ke5 59. Qd6+ Ke4 60. Rf8 Ke3 61. Rf4 Ke2 62. Qd4 Rf1 63. Rxf1 Kxf1 64. Qxc3 Ke2 65. Qe5+ 1-0


[Site "https://www.chess.com"]

[Event "Titled Tuesday Blitz March 29 Early 2022"]
[White "Aditya Mittal"]
[Black "Buscar, Michael"]
[WhiteFideId "35042025"]
[BlackFideId "2603616"]
[WhiteElo "2303"]
[BlackElo "2010"]
[Result "1-0"]
[Round "09"]
[TimeControl "180+1"]
[Date "2022.03.29"]
[WhiteClock "0:01:04"]
[BlackClock "0:00:08"]

1. d4 d5 2. c4 e6 3. Nc3 a6 4. cxd5 exd5 5. Nf3 Nf6 6. Bg5 Be7 7. e3 O-O 8. Bd3 Nbd7 9. Qc2 c6 10. O-O Re8 11. h3 Nf8 12. Ne5 g6 13. f4 Ne6 14. g4 Ng7 15. Rae1 Qd6 16. Qf2 Nd7 17. Bh6 Nxe5 18. fxe5 Qe6 19. e4 Bd7 20. Bc2 Rf8 21. Bb3 Bb4 22. exd5 cxd5 23. Nxd5 Bxe1 24. Rxe1 Kh8 25. Nf6 Qc6 26. d5 Qb5 27. Qh4 Qc5+ 28. Be3 1-0


[Site "https://www.chess.com"]

[Event "Titled Tuesday Blitz March 29 Early 2022"]
[White "Agasarov, Benik"]
[Black "Simonovic, Miroslav"]
[WhiteFideId "13314823"]
[BlackFideId "919152"]
[WhiteElo "2520"]
[BlackElo "2043"]
[Result "1-0"]
[Round "09"]
[TimeControl "180+1"]
[Date "2022.03.30"]
[WhiteClock "0:02:21"]
[BlackClock "0:01:18"]

1. e4 c5 2. Nc3 Nc6 3. Bb5 g6 4. Bxc6 dxc6 5. f4 Bg7 6. Nf3 e5 7. fxe5 Ne7 8. d3 O-O 9. Bf4 Bg4 10. Qd2 Bxf3 11. gxf3 Re8 12. O-O-O Nc8 13. h4 Bxe5 14. Bxe5 Rxe5 15. h5 Nd6 16. f4 Re7 17. f5 gxf5 18. Rdg1+ Kf8 19. Qh6+ Ke8 20. Rg8+ Kd7 21. Rxd8+ Rxd8 22. Qxh7 1-0


[Site "https://www.chess.com"]

[Event "Titled Tuesday Blitz March 29 Early 2022"]
[White "Alinasab, Mobina"]
[Black "Tregubov, Pavel V."]
[WhiteFideId "12528897"]
[BlackFideId "4115341"]
[WhiteElo "2471"]
[BlackElo "2632"]
[Result "0-1"]
[Round "09"]
[TimeControl "180+1"]
[Date "2022.03.30"]
[WhiteClock "0:00:03"]
[BlackClock "0:00:24"]

1. e4 e6 2. d4 d5 3. Nc3 Bb4 4. Qd3 dxe4 5. Qxe4 Nf6 6. Qh4 Be7 7. Nf3 Nc6 8. Bb5 Bd7 9. Bg5 h6 10. O-O-O a6 11. Bd3 Nb4 12. Ne5 Bc6 13. Nxc6 Nxc6 14. Ne2 Qd5 15. Be3 Qxa2 16. Nc3 Qa1+ 17. Kd2 Qxb2 18. Qg3 Bb4 19. Qxg7 Qxc3+ 20. Ke2 Ke7 21. Qg3 Bd6 22. Qh4 Rhg8 23. Rhg1 Rg4 24. Qh3 Rag8 25. f3 Nxd4+ 26. Kf2 R4g7 27. Qh4 Bc5 28. Be2 Nxe2 29. Bxc5+ Qxc5+ 30. Kxe2 Rxg2+ 0-1


[Site "https://www.chess.com"]

[Event "Titled Tuesday Blitz March 29 Early 2022"]
[White "Andreikin, Dmitry"]
[Black "Sanal, Vahap"]
[WhiteFideId "4158814"]
[BlackFideId "6300545"]
[WhiteElo "2736"]
[BlackElo "2603"]
[Result "1-0"]
[Round "09"]
[TimeControl "180+1"]
[Date "2022.03.29"]
[WhiteClock "0:00:32"]
[BlackClock "0:00:03"]

1. d4 Nf6 2. Nf3 d5 3. c4 e6 4. g3 Bb4+ 5. Bd2 Bxd2+ 6. Nbxd2 c6 7. Bg2 O-O 8. O-O b6 9. Re1 Ba6 10. Rc1 Nbd7 11. e4 dxe4 12. Nxe4 Nxe4 13. Rxe4 Nf6 14. Rh4 c5 15. Ne5 Rc8 16. Qa4 g5 17. Rh6 Qxd4 18. Re1 Kg7 19. Rxf6 Kxf6 20. Qxa6 Rc7 21. Qb5 Kg7 22. Nf3 Qf6 23. h3 Rd8 24. Qb3 Rcd7 25. Qe3 h6 26. b3 Rd3 27. Qe4 Rd1 28. Kh2 Rxe1 29. Qxe1 Rd3 30. Qe2 Rc3 31. Ne5 Rc1 32. Bf3 Rb1 33. Bh5 Qd8 34. Bxf7 Qd4 35. Qc2 Qxe5 36. Qg6+ Kf8 37. Qg8+ Ke7 38. Qe8+ Kd6 39. Qb8+ Ke7 40. Qxe5 Kxf7 41. Qc7+ 1-0


[Site "https://www.chess.com"]

[Event "Titled Tuesday Blitz March 29 Early 2022"]
[White "Aravindh, Chithambaram VR."]
[Black "Goryachkina, Aleksandra"]
[WhiteFideId "5072786"]
[BlackFideId "4147103"]
[WhiteElo "2561"]
[BlackElo "2426"]
[Result "1-0"]
[Round "09"]
[TimeControl "180+1"]
[Date "2022.03.29"]
[WhiteClock "0:00:04"]
[BlackClock "0:00:01"]

1. b3 d5 2. Bb2 c6 3. e3 Nf6 4. f4 Bf5 5. Nf3 e6 6. Be2 Nbd7 7. O-O Be7 8. Kh1 h6 9. Qe1 O-O 10. d3 Ng4 11. Bd1 Bf6 12. Nc3 Qb6 13. e4 dxe4 14. dxe4 Bxe4 15. Nxe4 Bxb2 16. Rb1 Bf6 17. Nfd2 Ne3 18. Rf3 Nf5 19. Nc4 Qc7 20. Rd3 Rad8 21. g4 Bh4 22. Qf1 Ne7 23. Ncd6 Nb6 24. f5 exf5 25. gxf5 Ned5 26. c4 Nf6 27. Nxf6+ Bxf6 28. c5 Nd5 29. Bf3 Be5 30. Nc4 Bxh2 31. Bxd5 cxd5 32. Ne3 Be5 33. b4 d4 34. Ng4 Bf4 35. Qf3 Qc6 36. Qxc6 bxc6 37. Rf1 Bg5 38. Re1 Rd5 39. Re4 Rxf5 40. Rdxd4 Rf1+ 41. Kg2 Ra1 42. Ne5 Rxa2+ 43. Kf3 a5 44. Nxc6 axb4 45. Nxb4 Rc8 46. Nxa2 Rxc5 47. Rd3 Kh7 48. Nc3 f5 49. Re8 Rc4 50. Nd5 h5 51. Rb3 Rd4 52. Ne3 1-0


[Site "https://www.chess.com"]

[Event "Titled Tuesday Blitz March 29 Early 2022"]
[White "Ardila, Oscar Humberto"]
[Black "Mogirzan, Matei-Valeriu"]
[WhiteFideId "4404742"]
[BlackFideId "1257455"]
[WhiteElo "1966"]
[BlackElo "1733"]
[Result "0-1"]
[Round "09"]
[TimeControl "180+1"]
[Date "2022.03.30"]
[WhiteClock "0:00:11"]
[BlackClock "0:00:10"]

1. d4 Nf6 2. c4 d6 3. Nf3 Nbd7 4. Nc3 e5 5. dxe5 dxe5 6. e3 c6 7. Qc2 Be7 8. Be2 O-O 9. O-O Re8 10. Rd1 Qc7 11. b3 a5 12. Bb2 Nf8 13. Ne4 Ng6 14. Nxf6+ Bxf6 15. h3 Be6 16. Rd2 Rad8 17. Rad1 Rxd2 18. Rxd2 Rd8 19. Bc3 b6 20. Bd3 Qc8 21. Bf1 Bf5 22. Rxd8+ Bxd8 23. e4 Be6 24. Nxe5 Nf4 25. Qd2 Bg5 26. Qd4 c5 27. Qd6 Bf6 28. Qd2 Bg5 29. Qd1 h6 30. Nf3 Be7 31. e5 Ng6 32. Qe2 Bf5 33. Qe3 Qe6 34. g4 Bxg4 35. hxg4 Qxg4+ 36. Bg2 Nf4 37. Ne1 Bg5 38. Qf3 Ne2+ 39. Kf1 Qxf3 40. Bxf3 Nxc3 41. Ng2 Nxa2 42. Bc6 Nc1 43. Ke1 Nxb3 44. Ke2 Nd4+ 45. Kd3 Nxc6 46. Ke4 a4 47. Kd5 Nxe5 48. Kxe5 a3 49. Ne1 a2 50. Nc2 Bf6+ 51. Kd5 a1=Q 52. Nxa1 Bxa1 53. Kc6 Bd4 54. f3 h5 55. Kxb6 h4 56. Kc6 h3 57. Kd5 h2 58. Ke4 h1=Q 0-1


[Site "https://www.chess.com"]

[Event "Titled Tuesday Blitz March 29 Early 2022"]
[White "Avila Pavas, Santiago"]
[Black "Brodowski, Piotr"]
[WhiteFideId "4437128"]
[BlackFideId "1124480"]
[WhiteElo "2693"]
[BlackElo "2561"]
[Result "0-1"]
[Round "09"]
[TimeControl "180+1"]
[Date "2022.03.30"]
[WhiteClock "0:00:04"]
[BlackClock "0:00:04"]

1. d4 c5 2. Nf3 cxd4 3. Nxd4 Nc6 4. c4 g6 5. Nc3 Bg7 6. Nc2 Bxc3+ 7. bxc3 Nf6 8. f3 d6 9. e4 Qa5 10. Bd2 Ne5 11. Be2 Be6 12. Ne3 Rc8 13. Qb3 b6 14. f4 Ned7 15. f5 gxf5 16. exf5 Bxf5 17. O-O Bg6 18. Rae1 Ne4 19. Bc1 Qxc3 20. Qa4 Nc5 21. Qxa7 O-O 22. Nd5 Qd4+ 23. Be3 Qe4 24. Bf3 Qxc4 25. Nxe7+ Kh8 26. Nxc8 Rxc8 27. Kh1 Ne5 28. Qe7 Nxf3 29. Bh6 Ne4 30. gxf3 d5 31. fxe4 Bxe4+ 32. Kg1 Rg8+ 33. Kf2 Rg2+ 34. Ke3 Qc3+ 35. Kf4 Qd2+ 36. Ke5 Qxh6 37. Rxf7 Qh5+ 38. Kd4 Rd2+ 39. Kc3 Rc2+ 40. Kb4 Rc4+ 41. Kb5 d4+ 42. Kxc4 Qd5+ 43. Kb4 Qa5+ 44. Kb3 Qc3+ 45. Ka4 Bc6# 0-1


[Site "https://www.chess.com"]

[Event "Titled Tuesday Blitz March 29 Early 2022"]
[White "Bachmann, Axel"]
[Black "Karavaeva, Olga"]
[WhiteFideId "3700488"]
[BlackFideId "4124111"]
[WhiteElo "2587"]
[BlackElo "2105"]
[Result "0-1"]
[Round "09"]
[TimeControl "180+1"]
[Date "2022.03.30"]
[WhiteClock "0:00:07"]
[BlackClock "0:00:47"]

1. d4 d5 2. Nf3 c6 3. c4 e6 4. g3 dxc4 5. Bg2 Nd7 6. O-O b5 7. b3 cxb3 8. Qxb3 Bb7 9. a4 a6 10. Rd1 Ngf6 11. Ne5 Rc8 12. Nc3 b4 13. Ne4 Nxe4 14. Bxe4 a5 15. Bb2 Be7 16. Rac1 Qb6 17. Nxd7 Kxd7 18. Qf3 f5 19. Bxf5 exf5 20. Qxf5+ Ke8 21. Rd3 g6 22. Qe5 Rf8 23. Re3 Rf7 24. Qe6 Rd8 25. d5 Rxd5 26. Bf6 Rd7 27. Bg5 Qd4 28. Rf3 Rxf3 29. exf3 Qd5 30. Qe3 Qxg5 31. f4 Qd5 32. Re1 c5 33. Kf1 Qg2+ 34. Ke2 Ba6+ 35. Qd3 Bxd3+ 36. Ke3 Qe4+ 37. Kd2 Bb1+ 38. Kc1 Qc2# 0-1


[Site "https://www.chess.com"]

[Event "Titled Tuesday Blitz March 29 Early 2022"]
[White "Balint, Vilmos"]
[Black "parintele_chess"]
[WhiteFideId "718050"]
[WhiteElo "2059"]
[BlackElo "2251"]
[Result "0-1"]
[Round "09"]
[TimeControl "180+1"]
[Date "2022.03.30"]
[WhiteClock "0:01:38"]
[BlackClock "0:01:02"]

1. e4 c6 2. d4 d5 3. e5 Bf5 4. Nf3 e6 5. Be2 Ne7 6. O-O Bg4 7. c4 h5 8. Nc3 Nf5 9. Be3 Be7 10. h3 Bxf3 11. Bxf3 Nd7 12. cxd5 cxd5 13. Rc1 Rc8 14. Bxh5 g6 15. Bg4 Nb6 16. Nb5 a6 17. Nc3 Nc4 18. Qe2 b5 19. b3 Ncxe3 20. fxe3 Bg5 21. Bxf5 gxf5 22. Rc2 Qa5 23. Nd1 Rxc2 24. Qxc2 Kd7 25. Qc5 Rc8 26. Qd6+ Ke8 27. e4 Be7 0-1


[Site "https://www.chess.com"]